 Dungeon Crawl Stone Soup version 0.30-a0-913-g9934a0c (webtiles) character file.

Game seed: 9509707700038883305

103 Illumine the Shield-Bearer (level 4, -4/21 (24) HPs)
             Began as a Vine Stalker Fighter on Mar 19, 2023.
             Slain by a hell rat (9 damage)
             ... in a sewer.
             The game lasted 00:01:53 (1540 turns).

Illumine the Shield-Bearer (Vine Stalker Fighter)   Turns: 1540, Time: 00:01:53

HP:   -4/21 (24)    AC:  7    Str: 18    XL:     4   Next: 79%
MP:   0/6           EV: 10    Int:  8    God:
Gold: 83            SH:  5    Dex: 16    Spells: 5/5 levels left

rFire   + . .      SeeInvis .    a - +0 long sword
rCold   . . .      Faith    .    c - +0 buckler
rNeg    + . .      Spirit   +    p - +2 ring mail {rF+}
rPois   .          Reflect  .    (no helmet)
rElec   .          Rampage  .    (no cloak)
rCorr   .                        (no gloves)
Will    .....                    (no boots)
Stlth   +                        (no amulet)
HPRegen 1.03/turn                f - ring of positive energy
MPRegen 0.10/turn                (no ring)

@: mighty, heavily drained
A: fangs 2, regeneration 1, magic shield, antimagic bite, no potion heal 2
a: no special abilities


You were in a sewer.
You visited 1 branch of the dungeon, and saw 3 of its levels.
You also visited: Sewer.

You collected 83 gold pieces.

Inventory:

Hand Weapons
 a - a +0 long sword (weapon)
Missiles
 e - 5 poisoned darts (quivered)
Armour
 c - a +0 buckler (worn)
 p - a +2 ring mail of fire resistance (worn)
Jewellery
 f - a ring of positive energy (left hand)
 n - a ring of poison resistance
Wands
 o - a wand of paralysis (13)
Scrolls
 i - a scroll of vulnerability {unknown}
 j - 3 scrolls of enchant weapon {unknown}
 m - a scroll of enchant armour {unknown}
 q - a scroll of teleportation {unknown}
Potions
 b - a potion of magic {unknown}
 g - 2 potions of curing {unknown}
 h - a potion of invisibility {unknown}
 k - a potion of flight {unknown}
 l - a potion of brilliance {unknown}


   Skills:
 + Level 3.1 Fighting
 * Level 2.8 Long Blades
 + Level 2.9 Armour
 + Level 3.2 Shields
 + Level 1.3 Spellcasting


You had 5 spell levels left.
You didn't know any spells.
Your spell library contained the following spells:

 Spells                   Type           Power      Damage    Failure   Level
 Scorch                   Fire           0%         2d5       80%         2
 Tukima's Dance           Hex            0%         N/A       95%         3
 Flame Wave               Conj/Fire      0%         2d4       100%        4
 Passage of Golubria      Tloc           0%         N/A       100%        4
 Yara's Violent Unravell  Hex/Tmut       0%         3d3       100%        5
 Summon Cactus Giant      Summ           0%         N/A       100%        6


Dungeon Overview and Level Annotations

Branches:
Dungeon (3/15)              Sewer (1/1)

Altars:

Annotations:
D:3 1 runed translucent door, MikkyD's ghost, weakling DjNe


Innate Abilities, Weirdness & Mutations

You have extremely sharp teeth.
Your natural rate of healing is unusually fast.
When hurt, damage is shared between your health and your magic reserves.
Your bite disrupts and absorbs the magic of your enemies.
Potions cannot restore your health.


Message History

The hell rat is lightly wounded.
You block the hell rat's attack. The hell rat bites you!
You enter the shallow water.
Moving in this stuff is going to be slow.
The hell rat bites you.
You closely miss the hell rat.
The hell rat is lightly wounded.
The hell rat barely misses you. The hell rat bites you. You partially resist.
You feel drained.
You hit the hell rat but do no damage.
The hell rat is lightly wounded.
The hell rat bites you.
You hit the hell rat.
The hell rat is lightly wounded.
The hell rat barely misses you. You block the hell rat's attack.
The hell rat bites you but does no damage.
You completely miss the hell rat.
The hell rat is lightly wounded.
The hell rat bites you. You block the hell rat's attack.
You hit the hell rat but do no damage. Your bite misses the hell rat.
The hell rat is lightly wounded.
The hell rat barely misses you. The hell rat bites you. You partially resist.
You feel drained.
You barely miss the hell rat.
You bite the hell rat, but do no damage.
The hell rat is lightly wounded.
The hell rat barely misses you.
You completely miss the hell rat.
The hell rat is lightly wounded.
The hell rat closely misses you. The hell rat bites you!
Ouch! That really hurt!
* * * LOW HITPOINT WARNING * * *
You partially resist.
You feel drained.
* * * LOW HITPOINT WARNING * * *
You feel very mighty all of a sudden. The hell rat closely misses you.
You hit the hell rat.
The hell rat is heavily wounded.
The hell rat bites you!
You die...

#########
###.~~.~..###
###~~@r~~†....###
#..~.~##'##~....#
#~~~###~~.###.~.##
#~.~# ~~~~~~##~~~#
#.~~ .~~~~..~#~~.#
#~~. #.)!???~##~.~#
##~~~###?∩!###†~~##
..~~.#####~..~.#
#.~~~.∩~~~~~###


You could see a hell rat.

Vanquished Creatures
  4 river rats
  An adder (D:3)
  A worm (D:2)
  A dart slug (D:1)
  2 orcs (D:3)
  A ball python (D:1)
  A bat (D:1)
  6 endoplasms
  A giant cockroach (D:3)
  3 goblins
  6 hobgoblins
  2 jackals (D:1)
  3 quokkas
  2 frilled lizards (D:2)
  3 kobolds
  10 rats
  A spectral goblin (D:1)
48 creatures vanquished.

Notes
Turn   | Place    | Note
-------+----------+-------------------------------------------
     0 | D:1      | Illumine the Vine Stalker Fighter began the quest for the
                  | Orb.
     0 | D:1      | Reached XP level 1. HP: 11/11 MP: 2/2
   114 | D:1      | Reached XP level 2. HP: 8/16 MP: 3/3
   221 | D:1      | Found a faded altar of an unknown god.
   477 | D:1      | Reached XP level 3. HP: 11/19 MP: 2/4
  1273 | D:3      | Reached skill level 1 in Spellcasting
  1364 | D:3      | Found a runed translucent door.
  1367 | D:3      | Noticed MikkyD's ghost (weakling DjNe)
  1393 | D:3      | Gained mutation: Your natural rate of healing is unusually
                  | fast. [Vine Stalker growth]
  1393 | D:3      | Reached XP level 4. HP: 23/24 MP: 6/6
  1412 | D:3      | Found a glowing drain.
  1416 | Sewer    | Entered a sewer
  1540 | Sewer    | Slain by a hell rat

Illustrated notes

Levels and vault maps discovered:
D:1:      dpeg_arrival_arbitrary_a, layout_basic,
          dreamdust_ecumenical_altar_drowned_temple
D:2:      layout_basic
D:3:      layout_basic, ebering_ghost_reflecting_pool, gup_sewer_entry_bowl,
          hex_tiny
Sewer:    sewer_hellmonk_bad_rat

Skill      XL: |  1  2  3 |
---------------+----------+-----
Long Blades    | 2 |  2.8
Shields        | 3 |  3.2
Fighting       | 3 |  3.1
Spellcasting   | 1 |  1.3
Armour         | |  2.9

Action                     |  1- 3 |  4- 6 || total
---------------------------+-------+-------++-------
  Melee: Long sword        |    92 |    62 ||   154
         Bite              |    32 |     9 ||    41
    Use: Potion            |       |     1 ||     1
 Armour: Scale mail        |    41 |       ||    41
         Ring mail         |     5 |    12 ||    17
  Dodge: Dodged            |    44 |    35 ||    79
  Block: Buckler           |    31 |    21 ||    52

Table legend: (Time is in decaauts)
 A = Elapsed time spent in this place.
 B = Non-inter-level travel time spent in this place.
 C = Inter-level travel time spent in this place.
 D = Time resting spent in this place.
 E = Time spent auto-exploring this place.
 F = Levels seen in this place.
 G = Mean time per level.
                   A        B        C        D        E       F      G
               +--------+--------+--------+--------+--------+-----+--------+
         Total |   1603 |   1565 |     38 |    124 |    990 |   4 |  400.8 |
       Dungeon |   1457 |   1419 |     38 |    124 |    936 |   3 |  485.7 |
         Sewer |    146 |    146 |      0 |      0 |     53 |   1 |  146.0 |
               +--------+--------+--------+--------+--------+-----+--------+

Top non-repeatable levels by time:
     D:1: 733 daAuts
     D:2: 493 daAuts
     D:3: 229 daAuts
   Sewer: 146 daAuts
